 Dungeon Crawl Stone Soup version 0.28-b1-25-g9875b3fc8c (webtiles) character file.

Game seed: 17524696608652141359

567 crazypyro the Basher (level 7, -1/57 HPs)
             Began as a Minotaur Fighter on Jan 31, 2022.
             Slain by a mummy (13 damage)
             ... in an ossuary.
             The game lasted 00:03:25 (3052 turns).

crazypyro the Basher (Minotaur Fighter)             Turns: 3052, Time: 00:03:26

Health: -1/57      AC: 11    Str: 22    XL:     7   Next: 11%
Magic:  6/6        EV:  7    Int: 11    God:
Gold:   103        SH:  4    Dex: 10    Spells: 6/6 levels left

rFire   . . .      SeeInvis .   a - +0 flail
rCold   . . .      Faith    .   c - +0 buckler
rNeg    . . .      Spirit   .   p - +0 plate armour
rPois   .          Reflect  .   (helmet restricted)
rElec   .          Harm     .   (no cloak)
rCorr   .          Rampage  .   (no gloves)
Will    .....                   (no boots)
Stlth   ..........              (no amulet)
HPRegen 0.19/turn               f - +6 ring of intelligence
MPRegen 0.10/turn               (no ring)

@: very slow
A: horns 2, retaliatory headbutt
a: no special abilities


You were in an ossuary.
You visited 1 branch of the dungeon, and saw 4 of its levels.
You also visited: Ossuary.

You collected 103 gold pieces.

Inventory:

Hand Weapons
 a - a +0 flail (weapon)
Armour
 b - a +0 scale mail
 c - a +0 buckler (worn)
 p - a +0 plate armour (worn)
Jewellery
 f - a +6 ring of intelligence (left hand)
Wands
 o - a wand of digging (7)
Scrolls
 g - 4 scrolls of identify {unknown}
 i - a scroll of amnesia {unknown}
 j - a scroll of holy word {unknown}
 k - 2 scrolls of blinking {unknown}
 l - a scroll of fog {unknown}
 q - a scroll of fear {unknown}
Potions
 d - a potion of might
 e - 3 potions of heal wounds {unknown}
 h - 2 potions of attraction {unknown}
 m - a potion of berserk rage {unknown}
 n - 2 potions of mutation {unknown}
 r - a potion of curing {unknown}
 s - a potion of brilliance {unknown}


   Skills:
 - Level 3.6 Fighting
 * Level 8.3 Maces & Flails
 - Level 3.6 Armour
 + Level 3.8 Dodging
 - Level 3.6 Shields


You had 6 spell levels left.
You didn't know any spells.
Your spell library contained the following spells:

 Spells                   Type           Power      Damage    Failure   Level
 Beastly Appendage        Tmut           0%         N/A       100%        1
 Wereblood                Tmut           0%         N/A       100%        2
 Spider Form              Tmut/Pois      0%         N/A       100%        3


Dungeon Overview and Level Annotations

Branches:
Dungeon (4/15)            Ossuary (1/1)
 Temple: D:4-7

Altars:
Wu Jian


Innate Abilities, Weirdness & Mutations

You have a pair of horns on your head.
You reflexively headbutt those who attack you in melee.


Message History

The water moccasin zombie closely misses you.
You are too injured to fight recklessly!
You are too injured to fight recklessly!
You closely miss the water moccasin zombie.
The water moccasin zombie bites you but does no damage.
You hit the water moccasin zombie.
The water moccasin zombie is lightly damaged.
You block the water moccasin zombie's attack.
You hit the water moccasin zombie.
The water moccasin zombie is moderately damaged.
You block the water moccasin zombie's attack.
You hit the water moccasin zombie. You headbutt the water moccasin zombie!
The water moccasin zombie is heavily damaged.
The water moccasin zombie bites you but does no damage. x2
You barely miss the water moccasin zombie.
The water moccasin zombie is heavily damaged.
The water moccasin zombie barely misses you.
You furiously retaliate!
You headbutt the water moccasin zombie, but do no damage.
You hit the water moccasin zombie.
The water moccasin zombie is severely damaged.
The water moccasin zombie bites you but does no damage.
You thump the water moccasin zombie!
The water moccasin zombie is almost destroyed.
The water moccasin zombie bites you.
* * * LOW HITPOINT WARNING * * *
You sock the water moccasin zombie!
You destroy the water moccasin zombie!
You have reached level 7!
A killer bee zombie is nearby!
You enter the shallow water.
Moving in this stuff is going to be slow.
A mummy comes into view.
A mummy is nearby!
You enter the shallow water.
Moving in this stuff is going to be slow.
You enter the shallow water.
Moving in this stuff is going to be slow.
The mummy hits you!
You die...

≈≈# ..≈ #≈#####
+≈#..∩#
###≈#.∩.#
#P≈≈#...#
#≈#≈##M##+##≈
#.≈≈.@≈≈.≈≈...
#≈##.≈.#≈#.≈≈#'
#≈#≈P#.≈P# #P≈M
##≈≈≈#≈##≈≈≈ ≈#
##≈#≈## #≈≈≈ #≈
# ≈≈≈ ## #≈


You could see a mummy.

Vanquished Creatures
  A bullfrog (D:4)
  A water moccasin zombie (Ossuary)
  2 bullfrog zombies
  A hound (D:2)
  An orc priest (D:3)
  An iguana (D:3)
  Jessica (D:3)
  6 mummies (Ossuary)
  A killer bee zombie (Ossuary)
  3 gnolls (D:3)
  2 adders (D:3)
  2 worms
  A dart slug (D:1)
  4 orcs
  A bat (D:1)
  4 endoplasms
  A giant cockroach (D:2)
  A goblin (D:3)
  7 hobgoblins
  10 jackals
  6 ball pythons
  5 frilled lizards
  5 kobolds
  3 rats
70 creatures vanquished.

Vanquished Creatures (others)
  4 withered plants (Ossuary)
4 creatures vanquished.

Grand Total: 74 creatures vanquished

Notes
Turn   | Place    | Note
-------+----------+-------------------------------------------
     0 | D:1      | crazypyro the Minotaur Fighter began the quest for the Orb.
     0 | D:1      | Reached XP level 1. HP: 19/19 MP: 0/0
   103 | D:1      | Reached skill level 3 in Maces & Flails
   311 | D:1      | Reached XP level 2. HP: 26/26 MP: 1/1
   457 | D:1      | Reached skill level 4 in Maces & Flails
   569 | D:1      | Found a faded altar of an unknown god.
   859 | D:2      | Reached XP level 3. HP: 27/31 MP: 2/2
   981 | D:2      | Reached skill level 5 in Maces & Flails
  1659 | D:3      | Reached XP level 4. HP: 38/39 MP: 3/3
  1693 | D:3      | Reached skill level 1 in Dodging
  1959 | D:3      | Noticed Jessica
  1968 | D:3      | Killed Jessica
  1969 | D:3      | Reached skill level 6 in Maces & Flails
  1969 | D:3      | Reached XP level 5. HP: 26/45 MP: 4/4
  2102 | D:3      | Found an ornate altar of the Wu Jian Council.
  2804 | D:4      | Reached skill level 7 in Maces & Flails
  2804 | D:4      | Reached XP level 6. HP: 48/51 MP: 5/5
  2953 | D:4      | Found a sand-covered staircase.
  2961 | Ossuary  | Entered an ossuary
  3027 | Ossuary  | Reached skill level 8 in Maces & Flails
  3043 | Ossuary  | Reached XP level 7. HP: 9/57 MP: 6/6
  3052 | Ossuary  | Slain by a mummy

Illustrated notes

Levels and vault maps discovered:
D:1:      sevenhm_arrival_forest_fort_small_4, layout_rooms,
          hellmonk_ecumenical_altar_arch_garden,
          amcnicky_mini_rare_corridor_liquid
D:2:      layout_loops_ring, nicolae_underground_beach
D:3:      layout_basic, mainiacjoe_overflow_six_doors_small, uniq_jessica
D:4:      layout_basic, nicolae_ossuary_entry_plus,
          hangedman_abyss_or_decor_passed
Ossuary:  ossuary_zaba_flooded

Skill      XL: |  1  2  3  4  5  6 |
---------------+-------------------+-----
Maces & Flails | 3 4 5 6 7 8 |  8.3
Dodging        | 1 2 3 |  3.8
Fighting       | |  3.6
Armour         | |  3.6
Shields        | |  3.6

Action                   |  1- 3 |  4- 6 |  7- 9 || total
-------------------------+-------+-------+-------++-------
Melee: Flail             |    78 |   128 |       ||   206
       Headbutt          |    10 |    16 |       ||    26
Armor: Scale mail        |    33 |     6 |       ||    39
       Plate armour      |       |    53 |       ||    53
Dodge: Dodged            |    30 |    43 |       ||    73
Block: Buckler           |    12 |    25 |       ||    37
